 Dungeon Crawl Stone Soup version 0.27.1-1-g398f81649c (console) character file.

Game seed: 16566747183780835416

7448 thromnambular the Nimble (level 11, -13/81 HPs)
             Began as a Djinni Fire Elementalist on Sept 12, 2021.
             Was a Priest of Qazlal.
             Mangled by a blink frog (15 damage)
             ... on level 2 of the Lair of Beasts.
             The game lasted 00:28:40 (13251 turns).

thromnambular the Nimble (DjFE)                    Turns: 13251, Time: 00:28:41

Health: -13/81     AC:  9    Str:  9    XL:     11   Next: 37%
Gold:   1327       EV: 16    Int: 18    God:    Qazlal [***...] SH:  9 Dex: 14

rFire    + . .     SeeInvis .   f - +0 war axe (elec)
rCold    . . .     Faith    .   j - +0 buckler
rNeg     . . .     Spirit   .   I - +0 steam dragon scales
rPois    ∞         Reflect  .   y - +0 helmet
rElec    .         Harm     .   J - +0 cloak
rCorr    .         Rampage  .   H - +0 pair of gloves
Will     +....                  (boots unavailable)
Stlth    +.........             (no amulet)
HPRegen  0.23/turn              o - ring of ice
MPRegen  0.00/turn              B - ring of wizardry

@: flying, very slightly contaminated
A: sickness immunity, fire resistance 2, cold vulnerability 1, float, innate
caster, hp casting, extra vitality 1
a: Renounce Religion, Upheaval, Elemental Force


You were on level 2 of the Lair of Beasts.
You worshipped Qazlal.
Qazlal was most pleased with you.
You visited 2 branches of the dungeon, and saw 10 of its levels.
You also visited: Ossuary.

You collected 1569 gold pieces.
You spent 242 gold pieces at shops.

Inventory:

Hand Weapons
 a - a +0 mace of holy wrath
 e - a +2 vampiric war axe
 f - a +0 war axe of electrocution (weapon)
 s - a +1 battleaxe of freezing
Missiles
 k - 7 atropa-tipped darts
Armour
 j - a +0 buckler (worn)
 y - a +0 helmet (worn)
 H - a +0 pair of gloves (worn)
 I - +0 steam dragon scales (worn)
 J - a +0 cloak (worn)
Magical Staves
 b - a staff of fire
Jewellery
 o - a ring of ice (left hand)
 w - a ring of protection from fire
 B - a ring of wizardry (right hand)
 C - an amulet of faith
Wands
 G - a wand of acid (6)
 L - a wand of flame (15)
 N - a wand of iceblast (9)
Scrolls
 c - 2 scrolls of noise
 h - 4 scrolls of teleportation
 l - a scroll of enchant weapon {unknown}
 m - a scroll of fear
 q - a scroll of fog {unknown}
 r - a scroll of enchant armour {unknown}
 x - a scroll of torment
 E - a scroll of magic mapping
 F - a scroll of brand weapon
 K - a scroll of vulnerability
Potions
 d - 4 potions of curing
 i - 3 potions of mutation {unknown}
 n - 2 potions of heal wounds
 p - 5 potions of brilliance {unknown}
 u - 3 potions of haste {unknown}
 v - a potion of degeneration {unknown}
 z - a potion of berserk rage
 A - 2 potions of attraction {unknown}
 D - 2 potions of might
 M - 2 potions of lignification {unknown}


   Skills:
 + Level 8.0 Fighting
 + Level 6.4 Axes
 - Level 0.2 Staves
 + Level 5.4 Armour
 - Level 9.0 Dodging
 - Level 1.5 Stealth
 - Level 4.0 Shields
 - Level 5.5 Spellcasting
 - Level 1.9 Invocations


You couldn't memorise any spells.
You knew the following spells:

 Your Spells              Type           Power      Damage    Failure   Level
a - Foxfire               Conj/Fire      100%       2x1d9     1%          1
b - Conjure Flame         Conj/Fire      25%        6-21      1%          3
c - Inner Flame           Hex/Fire       25%        N/A       1%          3
d - Sticky Flame          Conj/Fire      25%        2d5       5%          4
e - Fireball              Conj/Fire      12%        3d7       14%         5
f - Freeze                Ice            100%       1d11      1%          1
g - Poisonous Vapours     Pois/Air       50%        N/A       1%          2
h - Static Discharge      Conj/Air       25%        N/A       1%          2
i - Hailstorm             Conj/Ice       37%        3d9       5%          4
j - Metabolic Englaciati  Hex/Ice        18%        N/A       14%         5
Your spell library was empty.

Dungeon Overview and Level Annotations

Branches:
Dungeon (8/15)             Temple (0/1) D:6            Lair (2/6) D:8
Ossuary (visited)
  Swamp: Lair:2-4    Shoals: Lair:2-4     Snake: Lair:2-4    Spider: Lair:2-4

Altars:
Qazlal
Uskayaw
Zin

Shops:
D:6 ?


Innate Abilities, Weirdness & Mutations

You are immune to sickness and miasma.
You are immune to poison.
Your flesh is very heat resistant. (rF++)
You are vulnerable to cold. (rC-)
You float through the air rather than walking.
You learn spells naturally, not from books.
Your magical power is your life essence.
You have superior vitality. (+4 HP)


Message History

The blink frog is covered in liquid flames!
The blink frog burns!
The blink frog hits you.
The blink frog blinks!
The wolf bites you but does no damage.
Your magical contamination has completely faded away.
You closely miss the wolf.
The blink frog burns!
The wolf bites you. You block the wolf's attack.
You slash the wolf! Lightning courses through the wolf!
The wolf is severely wounded.
The blink frog burns!
The blink frog stops burning.
The wolf bites you. The wolf completely misses you.
The blink frog blinks!
You slash the wolf!
The wolf is almost dead.
The wolf misses you. The wolf bites you!
* * * LOW HITPOINT WARNING * * *
You barely miss the wolf.
The wolf is almost dead.
You block the wolf's attack. The wolf closely misses you.
Casting: Sticky Flame (dangerous; 5% risk of failure)
Confirm with . or Enter, or press ? or * to list all spells.
Aiming: Sticky Flame (dangerous; 5% risk of failure)
Press: ? - help, Shift-Dir - straight line, f - wolf, p - blink frog
Aim: a wolf (almost dead, 100% to hit)
The sticky flame hits the wolf.
You kill the wolf!
Qazlal accepts your kill.
* * * LOW HITPOINT WARNING * * *
The blink frog completely misses you.
Casting: Sticky Flame (dangerous; 5% risk of failure)
Confirm with . or Enter, or press ? or * to list all spells.
Aiming: Sticky Flame (dangerous; 5% risk of failure)
Press: ? - help, Shift-Dir - straight line, f - blink frog
Aim: a blink frog (almost dead, 100% to hit)
You miscast Sticky Flame.
You are very lightly contaminated with residual magic.
Nothing appears to happen.
* * * LOW HITPOINT WARNING * * *
The blink frog hits you!
* * * LOW HITPOINT WARNING * * *
The blink frog hits you!
You die...

#..##.# #..
.....#... ##..
......... ###...
#....... #..#...
#...#.# ......
#....#
#..####...P#
##......○..###..
#P......@§...P..
#....##§†F.†?...
##...###....##..
##..## .)....#
#....###....##
##..>.##?..##
##...#.#....
#.....##....#
##.<..#


You could see a blink frog.

Vanquished Creatures
  A hydra (Lair:1)
  An elephant (D:8)
  A cane toad (Lair:1)
  Joseph (Lair:1)
  Maggie (D:7)
  2 komodo dragons (Lair:1)
  3 blink frogs (Lair:2)
  A hornet (D:8)
  Sigmund (D:4)
  3 wyverns
  A yak (D:8)
  A basilisk (D:8)
  2 water moccasins (Lair:1)
  An ice beast (D:6)
  2 orc warriors (D:7)
  2 black bears
  2 necrophages (D:6)
  2 ogres
  2 centaurs (D:7)
  4 wolves (Lair:2)
  2 elf zombies (Ossuary)
  A kobold brigand (D:8)
  3 bullfrogs
  4 scorpions
  2 wyvern skeletons (D:7)
  4 wights (D:8)
  3 howler monkeys
  An electric eel (D:6)
  A centaur zombie (D:5)
  A jelly (D:4)
  2 orc priests (D:7)
  A bullfrog skeleton (D:5)
  A gnoll shaman (D:7)
  2 centaur skeletons
  A hound (D:6)
  4 iguanas
  Crazy Yiuf (D:7)
  2 orc wizards (D:7)
  A scorpion zombie (D:5)
  A killer bee zombie (D:7)
  2 mummies (Ossuary)
  2 howler monkey zombies (D:7)
  3 gnolls (D:2)
  A howler monkey skeleton (D:4)
  6 adders
  A river rat (D:6)
  2 white imps
  2 ufetubi
  3 adder zombies (Ossuary)
  2 worms
  A dart slug (D:5)
  26 orcs
  5 ball pythons
  9 endoplasms
  3 giant cockroaches
  10 goblins
  11 hobgoblins
  6 jackals
  3 quokkas
  5 bats
  3 frilled lizards
  8 hobgoblin zombies (Ossuary)
  A jackal zombie (Ossuary)
  16 kobolds
  13 kobold zombies (Ossuary)
  9 orc zombies (Ossuary)
  6 rats
  A rat zombie (Ossuary)
  3 foxfires
235 creatures vanquished.

Vanquished Creatures (collateral kills)
  7 foxfires (D:6)
7 creatures vanquished.

Vanquished Creatures (others)
  638 foxfires
  4 fungi
  7 plants
649 creatures vanquished.

Grand Total: 891 creatures vanquished

Notes
Turn   | Place    | Note
-------+----------+-------------------------------------------
     0 | D:1      | thromnambular the Djinni Fire Elementalist began the quest
                  | for the Orb.
     0 | D:1      | Reached XP level 1. HP: 15/15 MP: 0/0
   334 | D:1      | Reached skill level 1 in Fighting
   334 | D:1      | Reached XP level 2. HP: 18/22 MP: 0/0
  1093 | D:1      | Reached skill level 3 in Dodging
  1093 | D:1      | Reached XP level 3. HP: 22/27 MP: 0/0
  1093 | D:1      | Learned a level 1 spell: Freeze
  2350 | D:2      | Reached XP level 4. HP: 27/33 MP: 0/0
  2607 | D:2      | Reached skill level 1 in Shields
  3110 | D:3      | Reached XP level 5. HP: 33/38 MP: 0/0
  3110 | D:3      | Learned a level 2 spell: Poisonous Vapours
  3577 | D:3      | Found a faded altar of an unknown god.
  3690 | D:3      | Became a worshipper of Qazlal Stormbringer
  3690 | D:3      | Reached * piety under Qazlal
  4647 | D:4      | Noticed an ogre
  4660 | D:4      | Killed an ogre
  4661 | D:4      | Reached XP level 6. HP: 33/43 MP: 0/0
  4999 | D:4      | Noticed Sigmund
  5006 | D:4      | Killed Sigmund
  5007 | D:4      | Reached skill level 4 in Dodging
  5007 | D:4      | Reached XP level 7. HP: 27/49 MP: 0/0
  5007 | D:4      | Learned a level 2 spell: Static Discharge
  5875 | D:4      | Identified the -1 helmet of Fowudaf {Harm Int+4}
  6008 | D:5      | Entered Level 5 of the Dungeon
  6120 | D:5      | Reached skill level 5 in Dodging
  6338 | D:5      | Reached XP level 8. HP: 49/54 MP: 0/0
  6488 | D:5      | Noticed a wyvern
  6491 | D:5      | Reached skill level 6 in Dodging
  6495 | D:5      | Killed a wyvern
  7079 | D:6      | Found Faech's Magic Scroll Shop.
  7087 | D:6      | Bought a scroll of brand weapon for 220 gold pieces
  7087 | D:6      | Bought a scroll of identify for 22 gold pieces
  7296 | D:6      | Reached skill level 5 in Spellcasting
  7907 | D:6      | Reached ** piety under Qazlal
  8064 | D:6      | Reached skill level 7 in Dodging
  8263 | D:6      | Reached XP level 9. HP: 51/58 MP: 0/0
  8263 | D:6      | Learned a level 4 spell: Hailstorm
  8333 | D:6      | Reached skill level 1 in Axes
  8763 | D:6      | Found a staircase to the Ecumenical Temple.
  9081 | D:7      | Reached skill level 1 in Armour
 10017 | D:7      | Found a hide-covered altar of Uskayaw.
 10091 | D:7      | HP: 1/62 [wyvern (17)]
 10331 | D:7      | Found a glowing silver altar of Zin.
 10343 | D:7      | Noticed Maggie
 10351 | D:7      | Killed Maggie
 10519 | D:7      | Found a runed translucent door.
 10522 | D:7      | Noticed Crazy Yiuf
 10529 | D:7      | Killed Crazy Yiuf
 10780 | D:7      | Reached XP level 10. HP: 63/69 MP: 0/0
 10872 | D:8      | Reached skill level 5 in Fighting
 10872 | D:8      | Reached skill level 8 in Dodging
 10939 | D:8      | Found a sand-covered staircase.
 10949 | Ossuary  | Entered an ossuary
 11088 | Ossuary  | Reached *** piety under Qazlal
 11444 | D:8      | Noticed an elephant
 11464 | D:8      | Killed an elephant
 11689 | D:8      | Reached skill level 9 in Dodging
 11763 | D:8      | Found a staircase to the Lair.
 11807 | Lair:1   | Entered Level 1 of the Lair of Beasts
 11808 | Lair:1   | Noticed Joseph
 11817 | Lair:1   | Noticed a komodo dragon
 11820 | Lair:1   | Killed Joseph
 11821 | Lair:1   | Reached skill level 5 in Axes
 11821 | Lair:1   | Reached skill level 1 in Invocations
 12061 | Lair:1   | Killed a komodo dragon
 12223 | Lair:1   | Noticed a five-headed hydra
 12229 | Lair:1   | Killed a five-headed hydra
 12230 | Lair:1   | Reached XP level 11. HP: 49/79 MP: 0/0
 12230 | Lair:1   | Learned a level 5 spell: Metabolic Englaciation
 12698 | Lair:1   | Identified a scroll of acquirement
 12698 | Lair:1   | Acquired 1025 gold pieces
 13225 | Lair:2   | Reached skill level 5 in Armour
 13251 | Lair:2   | HP: 2/81 [blink frog (11)]
 13251 | Lair:2   | Mangled by a blink frog

Illustrated notes

Levels and vault maps discovered:
D:1:      roderic_chinese_lattice_arrival, layout_basic, minmay_split_cup_large
D:2:      layout_basic
D:3:      layout_basic, ebering_ecumenical_altar_mist
D:4:      layout_basic, uniq_sigmund
D:5:      layout_loops_ring
D:6:      layout_gridville, minmay_temple_entry_antechambers, serial_shops,
          nicolae_shop_crystal, gup_sewer_entry_spiral,
          minmay_misc_feat_ornament, serial_bayou_lagoon_a
D:7:      layout_rooms, amcnicky_altar_gilded, zin_treasury,
          minmay_diced_spiral, uniq_crazy_yiuf_cottage, uniq_maggie
D:8:      layout_layer_cave, nicolae_ru_sacrificial_ziggurat,
          kennysheep_orc_sif_temple, david_lair_generic,
          nicolae_ossuary_entry_monument, minmay_quadrilaterals
Lair:1:   layout_regular_city, uniq_joseph
Lair:2:   layout_concentric_octagons, elwin_shoals_entry_rooms,
          serial_bayou_shore_b

Skill      XL: |  1  2  3  4  5  6  7  8  9 10 11 |
---------------+----------------------------------+-----
Fighting       | 1 2 4 7 8 |  8.0
Dodging        | 3 4 5 7 9 |  9.0
Shields        | 2 4 |  4.0
Spellcasting   | 3 4 5 |  5.5
Axes           | 3 5 6 |  6.4
Armour         | 3 5 |  5.4
Invocations    | 1 |  1.9
Staves         | |  0.2
Stealth        | |  1.5

Action                   |  1- 3 |  4- 6 |  7- 9 | 10-12 || total
-------------------------+-------+-------+-------+-------++-------
Melee: Unarmed           |     4 |       |       |       ||     4
       Staff             |     6 |     9 |    12 |       ||    27
       Short sword       |     2 |       |       |       ||     2
       War axe           |       |       |    33 |   109 ||   142
 Cast: Foxfire           |   100 |   107 |   175 |    27 ||   409
       Poisonous Vapours |       |     4 |     8 |     5 ||    17
       Sticky Flame      |       |       |    24 |    17 ||    41
       Static Discharge  |       |       |     4 |     1 ||     5
       Fireball          |       |       |     5 |    14 ||    19
       Hailstorm         |       |       |     2 |    15 ||    17
       Conjure Flame     |       |       |     2 |       ||     2
       Metabolic Englaci |       |       |       |     4 ||     4
Evoke: Wand              |       |       |       |     1 ||     1
  Use: Scroll            |       |       |     9 |     6 ||    15
       Potion            |       |       |     3 |       ||     3
 Stab: Sleeping          |     1 |       |       |       ||     1
Armor: Robe              |     9 |     5 |    15 |       ||    29
       Steam dragon scal |       |       |       |    27 ||    27
Dodge: Dodged            |    19 |    26 |    75 |    78 ||   198
Block: Buckler           |       |     1 |    31 |    70 ||   102
